 Dungeon Crawl Stone Soup version 0.15-a0-717-ga3c592f (webtiles) character file.

9018 PolkaDot the Jinx (level 11, -2/68 HPs)
             Began as a Vampire Enchanter on May 10, 2014.
             Was an Initiate of Gozag.
             Engulfed by a cloud of flame (14 damage)
             ... in a volcano.
             The game lasted 00:46:11 (10397 turns).

PolkaDot the Jinx (Vampire Enchanter)              Turns: 10397, Time: 00:46:12

HP  -2/68        AC 11     Str 13      XL: 11   Next: 17%
MP  22/22        EV 13     Int 17      God: Gozag
Gold 1556        SH  0     Dex 21      Spells:  6 memorised,  4 levels left

rFire  . . .     SeeInvis +     b - +3,+1 dagger (venom)
rCold  + + .     Clarity  .     C - +1 leather armour {rPois}
rNeg   + + +     Conserve .     (no shield)
rPois  +         rCorr    .     (no helmet)
rElec  .         rRot     +     f - +0 cloak (curse)
SustAb . .       Spirit   .     h - +2 pair of gloves
rMut   .         Warding  .     q - +1 pair of boots
Gourm  .         Stasis   .     (no amulet)
MR     +....                    r - +5 ring of dexterity
                                J - cursed +1 ring of evasion

@: non-regenerating, mighty, very slightly contaminated, hasted, very quick,
somewhat resistant to hostile enchantments, extremely stealthy
A: bottle blood, fangs 3, see invisible, (clarity), unbreathing
a: Bat Form, Bottle Blood, Potion Petition, Call Merchant, Bribe Branch,
Renounce Religion


You were in a volcano.
You worshipped Gozag.
Gozag was noncommittal.
You were bloodless.

You visited 2 branches of the dungeon, and saw 11 of its levels.
You also visited: Sewer and Volcano.

You collected 1984 gold pieces.
You paid 428 gold pieces to Gozag.

Inventory:

Hand weapons
 a - a +2,+1 short sword of speed
 b - a +3,+1 dagger of venom (weapon)
 G - a +1,+2 short sword of flaming
Missiles
 d - 12 darts (quivered)
Armour
 f - a cursed +0 cloak (worn)
 h - a +2 pair of gloves (worn)
 q - a +1 pair of boots (worn)
 C - a +1 leather armour of poison resistance (worn)
Magical devices
 s - a wand of frost (23)
 D - a wand of digging (13)
 H - a wand of paralysis (4)
Scrolls
 e - a scroll of fear {unknown}
 j - 3 scrolls of enchant weapon II
 k - 3 scrolls of remove curse
 m - 5 scrolls of teleportation
 o - a scroll of enchant armour
 v - a scroll of identify
 w - a scroll of immolation
 y - a scroll of recharging
 E - a scroll of fog
Jewellery
 r - a +5 ring of dexterity (right hand)
 J - a cursed +1 ring of evasion (left hand)
Potions
 g - 2 potions of might
 i - a potion of haste
 l - a potion of flight
 n - 2 potions of restore abilities
 p - 3 potions of brilliance
 t - 5 potions of curing
 F - 2 potions of heal wounds


   Skills:
 * Level 9.4 Short Blades
 - Level 0.7 Throwing
 - Level 5.0 Armour
 - Level 2.1 Dodging
 + Level 13.3 Stealth
 - Level 4.8 Spellcasting
 + Level 13.9 Hexes


You had 4 spell levels left.
You knew the following spells:

 Your Spells              Type           Power        Failure   Level  Hunger
a - Corona                Hex            ######.      1%          1    None
b - Sure Blade            Hex/Chrm       ####......   1%          2    #......
c - Confuse               Hex            ######..     1%          3    ###....
d - Ensorcelled Hibernat  Hex/Ice        ####..       1%          2    #......
e - Enslavement           Hex            ######..     1%          4    ####...
s - Dazzling Spray        Conj/Hex       ####....     2%          3    ###....


Dungeon Overview and Level Annotations

Branches:
Dungeon (10/15)            Temple (0/1) D:7             Orc (0/4) D:10
   Lair (1/8) D:10

Altars:
Dithmenos
Fedhas
Gozag
Kikubaaqudgha
Makhleb
Okawaru
Qazlal
Xom
Yredelemnul
Zin


Innate Abilities, Weirdness & Mutations

You do not heal naturally.
You can bottle blood from corpses.
You have razor-sharp teeth.*
You have supernaturally acute eyesight.
You can survive without breathing.*
((You possess an exceptional clarity of mind.))+


Message History

The statue mimic hits you.
The statue mimic hits you but does no damage.
You puncture the statue mimic!
The statue mimic is almost destroyed.
You puncture the statue mimic!
You destroy the statue mimic!
The air gets thick with the scent of sulphur.
In the distance, the volcano erupts with a roar.
You are engulfed in roaring flames.
One of your 7 scrolls of remove curse catches fire!
You are engulfed in roaring flames.
One of your 6 scrolls of remove curse catches fire!
* * * LOW HITPOINT WARNING * * *
Found a pair of gloves of fire resistance and a chain mail of fire resistance.
You are engulfed in roaring flames.
Two of your 5 scrolls of remove curse catch fire!
One of your 2 scrolls of immolation catches fire!
Your scroll of enchant weapon I catches fire!
You die...
Your body crumbles into a pile of gold.

### +[[.[!+
#..≈..# #8§§≈8#
+§§§§.+ +§§§§.+ §
#8§§§8# ≈
§§§###§§§§§###≈≈
#§§§§§§§@§§§≈§≈≈≈
##§§§§8§§§8≈§§≈≈≈
###§§§§§.§§§§§§#
#§§§§§§.≈§≈###
##≈8§§§8§≈≈#
##§§§§§####
#§....# #.§..8#
#.§...#


There were no monsters in sight!

Vanquished Creatures
  Joseph (D:7)
  A feature mimic (Volcano)
  A spiny frog (Lair:1)
  Prince Ribbit (D:4)
  A two-headed ogre (D:10)
  12 yaks
  Eustachio (D:7)
  Grum (D:10)
  A steam dragon (D:10)
  A soldier ant (D:10)
  4 wolves (D:10)
  A porcupine (Lair:1)
  2 orc warriors
  A tengu skeleton (D:10)
  4 sky beasts
  A water moccasin (D:10)
  Purgy (D:4)
  A black bear (D:9)
  4 ogres
  6 ice beasts
  2 necrophages (D:9)
  Duvessa (D:7)
  A centaur (D:7)
  3 big kobolds
  A crocodile (Sewer)
  Blork the orc (D:6)
  10 giant frogs
  2 scorpions (D:10)
  A cyclops skeleton (D:10)
  5 killer bees (D:9)
  2 crimson imps
  Dowan (D:7)
  2 goliath beetles
  5 jellies
  7 hounds
  An orc priest (D:8)
  2 iguanas (D:8)
  6 worker ants
  4 orc wizards
  An ogre skeleton (D:6)
  A mummy (D:9)
  A worker ant zombie (D:10)
  9 gnolls
  An inept item mimic (D:5)
  6 adders
  2 green rats (D:4)
  A shadow imp (D:10)
  2 giant mites
  5 worms
  10 giant geckos
  23 orcs
  3 giant cockroaches
  15 hobgoblins
  18 jackals
  51 kobolds
  7 oozes
  4 quokkas
  A ball python (D:1)
  19 bats
  5 giant newts
  2 giant spores
  15 goblins
  A quokka skeleton (D:7)
  25 rats
  A rat skeleton (D:6)
  2 ballistomycetes
  A plant (D:3)
335 creatures vanquished.

Notes
Turn   | Place    | Note
--------------------------------------------------------------
     0 | D:1      | PolkaDot, the Vampire Enchanter, began the quest for the Orb.
     0 | D:1      | Reached XP level 1. HP: 13/13 MP: 3/3
   477 | D:1      | Reached skill level 5 in Hexes
   477 | D:1      | Reached XP level 2. HP: 11/19 MP: 4/4
   872 | D:1      | Learned a level 2 spell: Ensorcelled Hibernation
  1360 | D:1      | Reached XP level 3. HP: 12/24 MP: 0/6
  2148 | D:2      | Reached skill level 6 in Hexes
  2719 | D:3      | Reached XP level 4. HP: 22/30 MP: 2/7
  3554 | D:3      | Reached skill level 7 in Hexes
  3554 | D:3      | Reached XP level 5. HP: 23/35 MP: 6/9
  3594 | D:3      | Found a glowing silver altar of Zin.
  3938 | D:4      | Noticed Prince Ribbit
  3945 | D:4      | Killed Prince Ribbit
  3945 | D:4      | Reached skill level 5 in Stealth
  3945 | D:4      | Reached skill level 8 in Hexes
  3945 | D:4      | Reached XP level 6. HP: 28/41 MP: 10/10
  4313 | D:4      | Noticed Purgy
  4316 | D:4      | Killed Purgy
  4362 | D:4      | Found a glowing drain.
  4375 | Sewer    | Entered a sewer
  4427 | Sewer    | Reached skill level 9 in Hexes
  4427 | Sewer    | Reached XP level 7. HP: 46/46 MP: 4/12
  4432 | Sewer    | Learned a level 3 spell: Confuse
  4437 | Sewer    | Learned a level 4 spell: Enslavement
  4682 | D:5      | Entered Level 5 of the Dungeon
  4933 | D:5      | Found an opulent altar of Gozag.
  4949 | D:5      | Became a worshipper of Gozag Ym Sagoz the Greedy
  5110 | D:5      | Found a burning altar of Makhleb.
  5111 | D:5      | Found a shimmering altar of Xom.
  5641 | D:6      | Noticed Blork the orc
  5859 | D:6      | Killed Blork the orc
  5947 | D:6      | Reached XP level 8. HP: 48/52 MP: 14/17
  5952 | D:6      | Learned a level 3 spell: Dazzling Spray
  5987 | D:6      | Found a basalt altar of Yredelemnul.
  6081 | D:6      | Reached skill level 10 in Hexes
  6122 | D:6      | Found a stormy altar of Qazlal.
  6215 | D:6      | Found a shadowy altar of Dithmenos.
  6441 | D:6      | Found an ancient bone altar of Kikubaaqudgha.
  6507 | D:6      | Learned a level 2 spell: Sure Blade
  6571 | D:7      | Found an iron altar of Okawaru.
  6636 | D:7      | Noticed Eustachio
  6643 | D:7      | Killed Eustachio
  6643 | D:7      | Reached skill level 5 in Short Blades
  6660 | D:7      | Noticed Joseph
  6678 | D:7      | Killed Joseph
  6678 | D:7      | Reached skill level 10 in Stealth
  6678 | D:7      | Reached skill level 11 in Hexes
  6678 | D:7      | Reached XP level 9. HP: 41/57 MP: 9/20
  6758 | D:7      | Noticed Duvessa
  6767 | D:7      | Noticed Dowan
  6769 | D:7      | Killed Duvessa
  6782 | D:7      | Killed Dowan
  6851 | D:7      | Found a staircase to the Ecumenical Temple.
  6973 | D:7      | Reached skill level 1 in Armour
  7572 | D:8      | Reached skill level 12 in Hexes
  8333 | D:9      | Reached XP level 10. HP: 46/63 MP: 11/21
  8674 | D:9      | Got an ichor-stained blowgun
  8675 | D:9      | Identified the +4 blowgun "Blalosm" {speed, +Blink MR++ Curse} (You found it on level 9 of the Dungeon)
  8858 | D:9      | Found a blossoming altar of Fedhas.
  8963 | D:9      | Reached skill level 5 in Armour
  9190 | D:9      | Gained mutation: You possess an exceptional clarity of mind. [potion of beneficial mutation]
  9310 | D:10     | Entered Level 10 of the Dungeon
  9315 | D:10     | Found a staircase to the Lair.
  9438 | D:10     | Reached skill level 13 in Hexes
  9447 | D:10     | Noticed Grum
  9481 | D:10     | Killed Grum
  9622 | D:10     | Found a staircase to the Orcish Mines.
  9628 | D:10     | Reached XP level 11. HP: 68/68 MP: 22/22
 10265 | Lair:1   | Entered Level 1 of the Lair of Beasts
 10341 | Lair:1   | Found a dark tunnel.
 10355 | Volcano  | Entered a volcano
 10397 | Volcano  | Engulfed by a cloud of flame

Action                   |  1- 3 |  4- 6 |  7- 9 | 10-12 || total
-------------------------+-------+-------+-------+-------++-------
Melee: Dagger            |   167 |   231 |   369 |   203 ||   970
Throw: Dart              |       |       |     3 |       ||     3
 Cast: Corona            |     6 |       |       |       ||     6
       Ensorcelled Hiber |    19 |    30 |    52 |    30 ||   131
       Confuse           |       |       |     8 |     8 ||    16
Invok: Potion Petition   |       |       |       |     1 ||     1
Evoke: Wand              |       |       |     2 |     2 ||     4
  Use: Scroll            |       |    16 |     9 |     6 ||    31
       Potion            |       |       |     1 |     5 ||     6
 Stab: Sleeping          |    18 |    23 |    77 |    44 ||   162
       Distracted        |       |     1 |     2 |     1 ||     4
       Confused          |       |       |     4 |     7 ||    11
